 Dungeon Crawl Stone Soup version 0.22.0 (webtiles) character file.

5247 KnightedAnt the Basher (level 10, -2/82 HPs)
             Began as a Formicid Abyssal Knight on Oct 28, 2018.
             Was an Elder of Lugonu.
             Slain by a two-headed ogre
             ... wielding a +0 giant club
              (15 damage)
             ... on level 9 of the Dungeon.
             The game lasted 00:27:24 (13188 turns).

KnightedAnt the Basher (Formicid Abyssal Knight)   Turns: 13188, Time: 00:27:25

Health: -2/82      AC: 12    Str: 20    XL:     10   Next: 93%
Magic:  12/12      EV:  9    Int: 12    God:    Lugonu [****..]
Gold:   508        SH:  5    Dex: 10    Spells: 9/9 levels left

rFire    . . .     SeeInvis +   B - +2 whip (drain)
rCold    . . .     Gourm    +   G - +1 buckler {AC+3}
rNeg     + . .     Faith    .   v - +0 chain mail
rPois    .         Spirit   .   (helmet unavailable)
rElec    .         Reflect  .   n - +0 cloak
rCorr    .         Harm     .   (no gloves)
MR       +....                  b - +0 pair of boots
Stlth    ..........             l - amulet of the gourmand
HPRegen  0.00/turn              r - ring of stealth
MPRegen  0.13/turn              C - ring of positive energy

@: no status effects
A: permanent stasis, dig shafts and tunnels, four strong arms, antennae 3,
deformed body, sense surroundings 1, inhibited regeneration
a: Dig, Shaft Self, Depart the Abyss, Bend Space, Banish, Corrupt, Renounce
Religion


You were on level 9 of the Dungeon.
You worshipped Lugonu.
Lugonu was greatly pleased with you.
You were full.

You visited 1 branch of the dungeon, and saw 10 of its levels.
You visited the Abyss 1 time.
You also visited: Ossuary.

You collected 600 gold pieces.
You spent 92 gold pieces at shops.

Inventory:

Hand Weapons
 h - a +5 whip of pain
 B - a +2 whip of draining (weapon)
Missiles
 D - 71 sling bullets
Armour
 b - a +0 pair of boots (worn)
 n - a +0 cloak (worn)
 q - a +0 buckler
 v - a +0 chain mail (worn)
 G - a +1 buckler of protection (worn)
Jewellery
 l - an amulet of the gourmand (around neck)
 r - a ring of stealth (left hand)
 s - an uncursed ring of stealth
 w - a +4 ring of intelligence
 C - a ring of positive energy (right hand)
 I - an uncursed ring of protection from cold {unknown}
 K - an uncursed ring of positive energy
Wands
 j - a wand of acid (11)
 m - a wand of flame (63)
 o - a wand of random effects (42)
 t - a wand of polymorph (24)
 E - a wand of enslavement (14)
 F - a wand of disintegration (15)
Scrolls
 d - 3 scrolls of identify
 f - 2 scrolls of magic mapping
 g - 2 scrolls of enchant weapon
 i - 7 scrolls of remove curse
 p - 2 scrolls of fear
 x - 2 scrolls of holy word
 y - 2 scrolls of fog
 J - 2 scrolls of enchant armour {unknown}
Potions
 a - 3 potions of curing
 e - 2 potions of flight
 k - a potion of degeneration {unknown}
 u - a potion of magic
 z - a potion of heal wounds
 A - a potion of ambrosia
 H - a potion of cancellation {unknown}
Comestibles
 c - 19 rations


   Skills:
 + Level 8.4 Fighting
 + Level 9.5 Maces & Flails
 + Level 8.7 Armour
 - Level 3.9 Dodging
 - Level 2.5 Stealth
 * Level 4.0 Shields
 + Level 3.8 Invocations


You had 9 spell levels left.
You didn't know any spells.
Your spell library was empty.

Dungeon Overview and Level Annotations

Branches:
Dungeon (10/15)            Temple (0/1) D:4
   Lair: D:8-11         Orc: D:9-12

Altars:
Dithmenos
Gozag
Kikubaaqudgha
Nemelex Xobeh
Uskayaw
Wu Jian

Shops:
D:7 }**?(

Annotations:
D:10 Gastronok
Abyss:1 Duvessa, Fannar


Innate Abilities, Weirdness & Mutations

You cannot be hasted, slowed, berserked, paralysed or teleported.
You can dig through walls and to a lower floor.
Your four strong arms can wield two-handed weapons with a shield.
You have a pair of large antennae on your head. (SInv)
Armour fits poorly on your strangely shaped body.
You passively map a small area around you.
You do not regenerate when monsters are visible.


Message History

You fail to use your ability.
The jackal barely misses you.
The two-headed ogre hits you with a giant club!
You block the two-headed ogre's attack. The jackal closely misses you.
Press: ? - help, Shift-Dir - straight line, f/p - two-headed ogre
Aim: a two-headed ogre, wielding a giant club and a giant spiked club (moderately wounded, lightly drained, chance to defeat MR: 74%)
You fail to use your ability.
You block the jackal's attack.
The two-headed ogre hits you with a giant club!
* * * LOW HITPOINT WARNING * * *
The two-headed ogre hits you but does no damage.
Press: ? - help, Shift-Dir - straight line, f/p - two-headed ogre
Aim: a two-headed ogre, wielding a giant club and a giant spiked club (moderately wounded, lightly drained, chance to defeat MR: 74%)
You fail to use your ability.
You block the jackal's attack. The jackal barely misses you.
Press: ? - help, Shift-Dir - straight line, f/p - two-headed ogre
Aim: a two-headed ogre, wielding a giant club and a giant spiked club (moderately wounded, lightly drained, chance to defeat MR: 74%)
You fail to use your ability.
The two-headed ogre hits you with a giant club!
* * * LOW HITPOINT WARNING * * *
The two-headed ogre hits you with a giant spiked club!
You die...

#..# #...# #..# #.#
#.# #..# #...# #..#
#.# #.# #..# #...#
#..# #.# #.# #..#
#...# #..# #.# #.#
#..# #...# #(.# #.#
#.# #..# #...# #..#
#.# #.# #..# #...#
#..# #.####.# #..#
#...# #..###......#
#..# #...#
#....@......# #..#
#...###...h.O.....#
#..#
#.............#####
#..#
#........##...#
#..#
#...####.##...#
#..# #...# #.##...#
#..# #...# #.##...#
#..# #...# #.##...#
...# #...# #.##...#


You could see a two-headed ogre and a jackal.

Vanquished Creatures
  Erolcha (D:9)
  A hippogriff (D:7)
  A spriggan (D:7)
  2 sky beasts (D:5)
  2 ice beasts
  An orc warrior (D:6)
  4 ogres
  2 phantoms
  A centaur (D:8)
  A crocodile (D:10)
  A big kobold (D:8)
  4 bullfrogs
  Dowan (D:4)
  2 scorpions
  A wyvern skeleton (D:6)
  4 killer bees (D:9)
  2 centaur zombies
  3 jellies
  5 crimson imps
  4 hounds
  2 bullfrog skeletons
  A bullfrog zombie (D:5)
  5 orc priests
  10 orc wizards
  2 centaur skeletons
  Jessica (D:2)
  5 iguanas
  Ijyb (D:4)
  5 worker ants
  4 big kobold zombies (Ossuary)
  6 mummies (Ossuary)
  10 adders
  4 gnolls
  4 shadow imps
  3 oozes
  An adder zombie (D:6)
  3 worms
  A dart slug (D:1)
  6 leopard geckos
  34 orcs
  2 giant cockroaches
  7 goblins
  9 hobgoblins
  11 jackals
  8 kobolds
  6 quokkas
  3 ball pythons
  10 bats
  7 frilled lizards
  3 hobgoblin zombies (Ossuary)
  2 leopard gecko skeletons (D:7)
  A quokka skeleton (D:4)
  9 rats
229 creatures vanquished.

Vanquished Creatures (others)
  Sigmund (D:4)
  A phantom (D:6)
  An adder (D:4)
  A dart slug (D:4)
  A bush (D:10)
  3 fungi (D:10)
  19 plants (D:10)
27 creatures vanquished.

Grand Total: 256 creatures vanquished

Notes
Turn   | Place    | Note
-------+----------+-------------------------------------------
     0 | Abyss:1  | KnightedAnt the Formicid Abyssal Knight began the quest for the Orb.
     0 | Abyss:1  | Reached XP level 1. HP: 18/18 MP: 2/2
    79 | Abyss:1  | Noticed a large abomination
    80 | D:1      | Escaped the Abyss
   333 | D:1      | Reached * piety under Lugonu
   381 | D:1      | Reached XP level 2. HP: 12/24 MP: 3/3
  1210 | D:2      | Reached XP level 3. HP: 16/30 MP: 3/5
  1402 | D:2      | Reached skill level 1 in Dodging
  1582 | D:2      | Reached XP level 4. HP: 30/37 MP: 6/6
  1846 | D:2      | Found a hide-covered altar of Uskayaw.
  1955 | D:2      | Reached skill level 3 in Maces & Flails
  2002 | D:2      | Reached ** piety under Lugonu
  2213 | D:2      | Noticed Jessica
  2225 | D:2      | Killed Jessica
  2225 | D:2      | Reached XP level 5. HP: 27/42 MP: 7/7
  3026 | D:3      | Reached XP level 6. HP: 34/49 MP: 8/8
  3174 | D:3      | Reached skill level 4 in Maces & Flails
  3491 | D:3      | Found an ornate altar of the Wu Jian Council.
  3612 | D:3      | Reached skill level 1 in Stealth
  3698 | D:4      | Noticed Sigmund
  3698 | D:4      | Noticed an ogre
  3707 | D:3      | Killed an ogre
  3707 | D:3      | Reached XP level 7. HP: 39/55 MP: 9/9
  3801 | D:3      | Reached skill level 5 in Fighting
  3811 | D:3      | Reached *** piety under Lugonu
  4216 | D:4      | Killed Sigmund
  4404 | D:4      | Reached skill level 5 in Maces & Flails
  4452 | D:4      | Found an opulent altar of Gozag.
  4509 | D:4      | Noticed Ijyb
  4575 | D:4      | Killed Ijyb
  4836 | D:4      | Found a staircase to the Ecumenical Temple.
  4863 | D:4      | Noticed Duvessa
  4891 | D:3      | Reached XP level 8. HP: 36/63 MP: 10/10
  5041 | D:4      | Noticed Dowan
  5047 | D:4      | Banished Duvessa
  5056 | D:4      | Killed Dowan
  5056 | D:4      | Reached skill level 6 in Maces & Flails
  5138 | D:4      | Found an opulent altar of Gozag.
  5138 | D:4      | Found a sparkling altar of Nemelex Xobeh.
  5308 | D:5      | Entered Level 5 of the Dungeon
  5439 | D:5      | Found a sand-covered staircase.
  5447 | Ossuary  | Entered an ossuary
  6496 | D:5      | Gained mutation: Armour fits poorly on your strangely shaped body. [potion of mutation]
  6496 | D:5      | Gained mutation: You do not regenerate when monsters are visible. [potion of mutation]
  6496 | D:5      | Gained mutation: You passively map a small area around you. [potion of mutation]
  6899 | D:5      | Reached skill level 7 in Maces & Flails
  6899 | D:5      | Reached XP level 9. HP: 55/71 MP: 11/11
  7588 | D:6      | Reached skill level 5 in Armour
  8952 | D:7      | Reached **** piety under Lugonu
  8952 | D:7      | Reached skill level 8 in Maces & Flails
  9132 | D:7      | Found Zysaowk's Assorted Antiques.
  9142 | D:7      | Bought an emerald potion for 15 gold pieces
  9142 | D:7      | Bought a scroll of identify for 34 gold pieces
  9142 | D:7      | Bought a scroll labeled NEEZXERCHOCK for 17 gold pieces
  9406 | D:7      | Noticed a hippogriff
  9422 | D:7      | Killed a hippogriff
  9594 | D:7      | Found Ripegrao's Weapon Emporium.
  9661 | D:7      | Found Fothrastro's Magic Scroll Boutique.
  9672 | D:7      | Bought a scroll of fog for 26 gold pieces
  9694 | D:7      | Found Nyulolof's Assorted Antiques.
  9735 | D:7      | Reached skill level 1 in Shields
  9735 | D:7      | Reached XP level 10. HP: 68/79 MP: 12/12
  9776 | D:7      | Found Mubuvien's Gadget Shop.
 10278 | D:7      | Found an ancient bone altar of Kikubaaqudgha.
 11068 | D:8      | Found a shadowy altar of Dithmenos.
 11304 | D:9      | Reached skill level 9 in Maces & Flails
 11615 | D:9      | Noticed Erolcha
 11910 | D:9      | Killed Erolcha
 12336 | D:10     | Entered Level 10 of the Dungeon
 12450 | D:10     | Noticed Fannar
 12472 | D:9      | Noticed a rust devil
 12472 | D:9      | Noticed a rust devil
 12694 | D:10     | Banished Fannar
 13036 | D:10     | Noticed a two-headed ogre
 13037 | D:10     | Noticed Gastronok
 13188 | D:9      | Slain by a two-headed ogre

Skill      XL: |  1  2  3  4  5  6  7  8  9 10 |
---------------+-------------------------------+-----
Dodging        | 1 2 3 |  3.9
Fighting       | 4 5 6 7 8 |  8.4
Maces & Flails | 3 4 5 7 8 9 |  9.5
Armour         | 3 4 6 8 |  8.7
Stealth        | 1 2 |  2.5
Invocations    | 3 |  3.8
Shields        | 1 4 |  4.0

Action                   |  1- 3 |  4- 6 |  7- 9 | 10-12 || total
-------------------------+-------+-------+-------+-------++-------
Melee: Mace              |    93 |   130 |       |       ||   223
       Whip              |       |    46 |   580 |   284 ||   910
Invok: Depart the Abyss  |     1 |       |       |       ||     1
       Banish            |       |       |     2 |     1 ||     3
 Abil: Dig               |       |     2 |     3 |     3 ||     8
  Use: Potion            |       |       |     9 |       ||     9
       Scroll            |       |       |    11 |       ||    11
 Stab: Distracted        |       |     1 |       |     1 ||     2
       Sleeping          |       |     1 |       |       ||     1
  Eat: Chunk             |     2 |     7 |    31 |     8 ||    48
       Ration            |       |       |     1 |       ||     1
Armor: Leather armour    |    59 |    49 |    27 |       ||   135
       Chain mail        |       |       |   110 |    92 ||   202
       Skin              |       |       |     9 |       ||     9
Dodge: Dodged            |    97 |   119 |   186 |    88 ||   490
Block: Buckler           |       |       |    12 |    53 ||    65
